 Dungeon Crawl Stone Soup version 0.21.0 (webtiles) character file.

4404 Timinator the Martial Artist (level 10, -1/115 HPs)
             Began as a Vampire Transmuter on Jan 27, 2018.
             Was a Follower of Kikubaaqudgha.
             Slain by a killer bee (4 damage)
             ... on level 8 of the Dungeon.
             The game lasted 00:57:22 (7030 turns).

Timinator the Martial Artist (Vampire Transmuter)   Turns: 7030, Time: 00:57:22

Health: -1/115     AC: 25    Str: 14    XL:     10   Next: 14%
Magic:  5/18       EV:  2    Int: 17    God:    Kikubaaqudgha [*.....]
Gold:   324        SH:  0    Dex: 17    Spells: 10/20 levels left

rFire    . . .     SeeInvis +     - Unarmed
rCold    . . .     Gourm    .   (no shield)
rNeg     + + +     Faith    .   (armour currently unavailable)
rPois    +         Spirit   .   (helmet currently unavailable)
rElec    .         Reflect  .   (cloak currently unavailable)
rCorr    .         Harm     .   (gloves currently unavailable)
MR       +....     NoTele   +   (boots currently unavailable)
Stlth    +.........             (no amulet)
HPRegen  0.49/turn              x - ring of loudness (curse)
MPRegen  0.16/turn              (no ring)

@: mighty, lethally poisoned (-1 -> -1), tree-form (expiring), very slightly
contaminated, regenerating quickly
A: see invisible, sense surroundings 1
a: Receive Corpses, Renounce Religion


You were on level 8 of the Dungeon.
You worshipped Kikubaaqudgha.
Kikubaaqudgha was aware of your devotion.
You were full.
You were a tree.
You visited 2 branches of the dungeon, and saw 9 of its levels.

You collected 324 gold pieces.

Inventory:

Armour
 f - a +0 pair of boots (melded)
 o - a cursed +0 robe (melded)
 q - a +0 cloak (melded)
Jewellery
 x - a cursed ring of loudness (left branch)
Wands
 w - a wand of scattershot (5)
Scrolls
 a - a scroll of blinking {unknown}
 e - 2 scrolls of identify
 g - 2 scrolls of magic mapping {unknown}
 h - 6 scrolls of teleportation
 i - 2 scrolls of immolation {unknown}
 k - 4 scrolls of enchant weapon
 l - 2 scrolls of fog {unknown}
 p - 2 scrolls of enchant armour {unknown}
 s - 4 scrolls of remove curse
 t - 3 scrolls of amnesia
 z - a scroll of fear {unknown}
Potions
 d - 8 potions of blood
 j - 4 potions of lignification
 m - a potion of mutation
 u - a potion of cancellation {unknown}
 v - a potion of brilliance {unknown}
Books
 c - a book of Changes

   Spells                             Type                      Level
   a - Beastly Appendage              Transmutation                1
   b - Sticks to Snakes               Transmutation                2
   c - Spider Form                    Transmutation/Poison         3
   d - Ice Form                       Ice/Transmutation            4
   e - Blade Hands                    Transmutation                5
 y - Kikubaaqudgha's Collected Works on Evil Rituals
   (Kikubaaqudgha gifted it to you on level 7 of the Dungeon)

   Spells                             Type                      Level
   a - Pain                           Necromancy                   1
   b - Corpse Rot                     Necromancy                   2
   c - Sublimation of Blood           Necromancy                   2
   d - Vampiric Draining              Necromancy                   3


   Skills:
 * Level 6.7 Fighting
 * Level 8.1 Dodging
 * Level 8.4 Unarmed Combat
 + Level 5.5 Spellcasting
 * Level 3.8 Necromancy
 + Level 8.3 Transmutations


You had 10 spell levels left.
You knew the following spells:

 Your Spells              Type           Power        Failure   Level  Hunger
a - Beastly Appendage     Tmut           ####..       1%          1    None
b - Blade Hands           Tmut           ####......   12%         5    ######.
c - Ice Form              Ice/Tmut       ###.....     24%         4    ####...


Dungeon Overview and Level Annotations

Branches:
Dungeon (8/15)             Temple (1/1) D:5
   Lair: D:8-11

Altars:
Cheibriados
Dithmenos
Elyvilon
Kikubaaqudgha
Nemelex Xobeh
Okawaru
Qazlal
Trog
Uskayaw
Vehumet
Xom
Yredelemnul
Zin
The Shining One
Jiyva

Shops:
D:5 (


Innate Abilities, Weirdness & Mutations

Your natural rate of healing is unusually fast.
((You have razor-sharp teeth.))
You have supernaturally acute eyesight. (SInv)
((You can survive without breathing.))
You passively map a small area around you.


Message History

You smack the scorpion!
You kill the scorpion!
Kikubaaqudgha accepts your kill. The killer bee barely misses you.
The killer bee stings you but does no damage.
The orc hits you but does no damage.
The killer bee stings you but does no damage.
You smack the killer bee!
The killer bee is severely wounded.
You feel sick. The killer bee stings you.
* * * LOW HITPOINT WARNING * * *
The killer bee stings you but does no damage. x2
The orc barely misses you.
Okay, then.
You pummel the killer bee!!
You kill the killer bee!
Kikubaaqudgha accepts your kill. The killer bee stings you.
You die...
Kikubaaqudgha rasps: "You have failed me!
Welcome... oblivion!"

, ..* , * ##.# *
...# ** # #...* *
* #.#..#, * * ,
#.#..# * * *
#...)### #...y♣o#
#...†#)# #.##<#.#
## *#.#.# , ,
##...#.#)#######
.....o..........#
*
###...#.#..####.#
* ##.##....# * *
* #. ###.##


You could see a killer bee and an orc.

Vanquished Creatures
  A two-headed ogre (D:8)
  The ghost of JimDarkmagic the Chopper, an amateur HOFi (D:4)
  Duvessa (D:4)
  A sky beast (D:5)
  2 orc warriors (D:7)
  An eye of draining (D:7)
  The ghost of JimDarkmagic the Chopper, an amateur MiBe of Trog (D:3)
  A phantom (D:3)
  3 ogres
  5 black bears
  5 centaurs
  A gnoll sergeant (D:4)
  Dowan (D:4)
  5 scorpions
  4 killer bees (D:8)
  2 howler monkeys
  2 crimson imps (D:7)
  4 hounds (D:4)
  2 jellies
  5 orc priests
  2 bullfrog skeletons (D:7)
  9 orc wizards
  A centaur skeleton (D:4)
  2 iguanas (D:5)
  4 worker ants
  A hound skeleton (D:4)
  8 gnolls
  12 adders
  4 shadow imps (D:5)
  2 oozes (D:1)
  An adder zombie (D:5)
  3 worms
  3 adder skeletons
  5 leopard geckos
  18 orcs
  5 giant cockroaches
  6 goblins
  15 hobgoblins
  7 jackals
  10 kobolds
  2 quokkas
  6 bats (D:3)
  4 frilled lizards
  A leopard gecko skeleton (D:4)
  A quokka skeleton (D:4)
  8 rats
188 creatures vanquished.

Notes
Turn   | Place    | Note
-------+----------+-------------------------------------------
     0 | D:1      | Timinator the Vampire Transmuter began the quest for the Orb.
     0 | D:1      | Reached XP level 1. HP: 14/14 MP: 3/3
    13 | D:1      | Reached skill level 1 in Fighting
   135 | D:1      | Reached XP level 2. HP: 20/22 MP: 5/5
   780 | D:1      | Reached XP level 3. HP: 25/27 MP: 6/6
   971 | D:1      | Reached skill level 5 in Dodging
   971 | D:1      | Reached skill level 5 in Unarmed Combat
   971 | D:1      | Reached XP level 4. HP: 20/38 MP: 7/10
  1358 | D:2      | Gained mutation: You passively map a small area around you. [potion of mutation]
  1469 | D:2      | Reached XP level 5. HP: 39/43 MP: 11/11
  1570 | D:2      | Learned a level 5 spell: Blade Hands
  1575 | D:2      | Learned a level 4 spell: Ice Form
  1644 | D:3      | Noticed a phantom
  1734 | D:3      | Killed a phantom
  1745 | D:3      | Reached XP level 6. HP: 39/49 MP: 8/12
  1929 | D:3      | Found an iron altar of Okawaru.
  2596 | D:3      | Noticed JimDarkmagic's ghost (amateur MiBe)
  2601 | D:3      | Killed JimDarkmagic's ghost
  2601 | D:3      | Reached XP level 7. HP: 45/55 MP: 7/13
  2805 | D:4      | Reached skill level 5 in Fighting
  2968 | D:4      | Noticed Dowan
  2974 | D:4      | Noticed Duvessa
  2981 | D:4      | Killed Duvessa
  2982 | D:4      | Killed Dowan
  3090 | D:4      | Reached XP level 8. HP: 60/62 MP: 9/15
  3130 | D:4      | Noticed JimDarkmagic's ghost (amateur HOFi)
  3145 | D:4      | Killed JimDarkmagic's ghost
  3205 | D:4      | Found a sparkling altar of Nemelex Xobeh.
  3455 | D:5      | Entered Level 5 of the Dungeon
  3639 | D:5      | Found Lieqim's Antique Weapon Boutique.
  3756 | D:5      | Reached skill level 5 in Spellcasting
  3793 | D:5      | Found a staircase to the Ecumenical Temple.
  3802 | Temple   | Entered the Ecumenical Temple
  3891 | Temple   | Became a worshipper of Kikubaaqudgha
  4135 | D:5      | Reached skill level 1 in Necromancy
  4275 | D:5      | Reached XP level 9. HP: 33/69 MP: 11/16
  5750 | D:6      | Found a glowing golden altar of the Shining One.
  5879 | D:6      | Found a radiant altar of Vehumet.
  5882 | D:6      | Found a shadowy altar of Dithmenos.
  5885 | D:6      | Found a white marble altar of Elyvilon.
  5888 | D:6      | Found a bloodstained altar of Trog.
  6632 | D:7      | Reached * piety under Kikubaaqudgha
  6632 | D:7      | Identified Kikubaaqudgha's Collected Works on Evil Rituals (Kikubaaqudgha gifted it to you on level 7 of the Dungeon)
  6632 | D:7      | Received a gift from Kikubaaqudgha
  6984 | D:8      | Noticed a two-headed ogre
  7003 | D:8      | Killed a two-headed ogre
  7003 | D:8      | Reached XP level 10. HP: 23/77 MP: 1/18
  7029 | D:8      | HP: 2/115 [killer bee (5)]
  7030 | D:8      | Slain by a killer bee

Skill      XL: |  1  2  3  4  5  6  7  8  9 |
---------------+----------------------------+-----
Fighting       | 1 2 4 5 6 |  6.7
Dodging        | 5 6 7 8 |  8.1
Unarmed Combat | 5 6 7 8 |  8.4
Spellcasting   | 4 5 |  5.5
Transmutations | 7 8 |  8.3
Necromancy     | 1 3 |  3.8

Action                   |  1- 3 |  4- 6 |  7- 9 | 10-12 || total
-------------------------+-------+-------+-------+-------++-------
Melee: Unarmed           |    98 |   180 |   386 |    20 ||   684
       Bite              |    11 |    11 |    37 |       ||    59
       Kick              |     7 |     1 |       |       ||     8
       Headbutt          |       |    11 |    33 |       ||    44
       Punch             |       |     3 |    12 |       ||    15
 Cast: Beastly Appendage |     3 |    10 |    21 |       ||    34
       Blade Hands       |       |     4 |    19 |       ||    23
  Use: Potion            |     2 |     6 |    22 |     4 ||    34
       Scroll            |       |     5 |     4 |       ||     9
 Stab: Sleeping          |     2 |     2 |     2 |       ||     6
  Eat: Corpse            |     6 |     8 |     6 |       ||    20
Armor: Robe              |     5 |    19 |    41 |     1 ||    66
       Skin              |       |       |       |    82 ||    82
Dodge: Dodged            |    60 |   123 |   277 |    13 ||   473
